 Dungeon Crawl Stone Soup version 0.29.0-4-gdea44cf6ec (webtiles) character file.

Game seed: 13700600548279573773

118 qw the Chopper (level 5, -3/30 HPs)
             Began as a Tengu Warper on Aug 28, 2022.
             Slain by a sky beast (5 damage)
             ... on level 3 of the Dungeon.
             The game lasted 00:00:10 (2317 turns).

qw the Chopper (Tengu Warper)                       Turns: 2317, Time: 00:00:10

Health: -3/30      AC:  5    Str: 13    XL:     5   Next: 2%
Magic:  9/9        EV: 13    Int: 14    God:
Gold:   106        SH:  0    Dex: 13    Spells: 8/8 levels left

rFire   . . .      SeeInvis .   i - +0 war axe
rCold   . . .      Faith    .   (no shield)
rNeg    . . .      Spirit   .   c - +0 ring mail
rPois   .          Reflect  .   (helmet restricted)
rElec   .          Harm     .   (no cloak)
rCorr   .          Rampage  .   (no gloves)
Will    .....                   (boots unavailable)
Stlth   +.........              (no amulet)
HPRegen 0.10/turn               (no ring)
MPRegen 0.11/turn               (no ring)

@: flying quickly and evasively, quick
A: beak, talons 3, nimble flight
a: no special abilities


You were on level 3 of the Dungeon.
You visited 1 branch of the dungeon, and saw 3 of its levels.

You collected 106 gold pieces.


Innate Abilities, Weirdness & Mutations

You have a beak for a mouth.
You have claws for feet.
Your magical nature lets you fly swiftly and evasively.


   Skills:
 - Level 2.0 Fighting
 + Level 5.5 Axes
 - Level 1.0 Throwing
 - Level 1.1 Armour
 - Level 2.1 Dodging
 - Level 2.0 Spellcasting
 - Level 2.4 Translocations


You had 8 spell levels left.
You didn't know any spells.
Your spell library contained the following spells:

 Spells                   Type           Power      Damage    Failure   Level
 Blink                    Tloc           16%        N/A       28%         2
 Gell's Gravitas          Tloc           8%         N/A       50%         3
 Lesser Beckoning         Tloc           8%         N/A       50%         3
 Teleport Other           Tloc           8%         N/A       50%         3
 Manifold Assault         Tloc           8%         N/A       99%         5

Inventory:

Hand Weapons
 a - a +0 club
 i - a +0 war axe (weapon)
Armour
 c - a +0 ring mail (worn)
Scrolls
 b - a scroll of amnesia {unknown}
 e - a scroll of identify
Potions
 d - a potion of brilliance {unknown}
 f - a potion of ambrosia {unknown}
 g - a potion of might {unknown}
 j - a potion of resistance {unknown}

Dungeon Overview and Level Annotations

Branches:
Dungeon (3/15)

Altars:

Annotations:
D:3 Robin


Message History

You have reached level 5!
Your magical nature develops, letting you fly swiftly and evasively.
You miss the goblin.
The hobgoblin shouts!
Your peck misses the goblin. You closely miss the goblin.
You closely miss something. The goblin hits you with a +0 club.
The goblin barely misses you.
A sky beast appears from thin air!
Reactivating autopickup.
The sky beast hits you but does no damage.
The goblin hits you with a +0 club.
You hit the sky beast. Your kick misses the sky beast.
The sky beast is moderately wounded.
You completely miss the goblin. x2
The sky beast closely misses you. The goblin closely misses you.
The goblin barely misses you.
You hit the sky beast. Your kick misses the sky beast.
The sky beast is moderately wounded.
You hit the goblin. You closely miss the goblin.
The goblin no longer looks unusually strong.
The goblin hits you but does no damage. The sky beast completely misses you.
The goblin hits you but does no damage. The goblin hits you with a +0 dagger.
The sky beast hits you. The sky beast shocks you.
Robin roars a battlecry!
The goblin goes into a battle-frenzy!
You hit the goblin.
You kill the goblin!
You hit the sky beast but do no damage. You closely miss the goblin.
The goblin no longer looks unusually strong.
The sky beast flickers out of sight!
Deactivating autopickup; reactivate with Ctrl-A.
Something barely misses you. The goblin hits you with a +0 dagger.
Robin says, "Kneel, worm!"
You closely miss the goblin. Your kick misses the goblin. You peck the goblin.
You kill the goblin!
You barely miss something. Something hits you but does no damage.
You miss something. You claw something. Something hits you.
Something shocks you.
You die...

#.# .# #.# .#
#.# .# #.# ..
#.# #. #. #. #
###.########gg..
.......)@{Bgg...
###..##)#######.
#####..##.###
#...........## #
#.####..###....#
# # #..# #.###.#
##.#####
#.####..###.#
##.......
............#
..######
#.>.........#
#.# #


You could see Robin, a giant cockroach, a hobgoblin (strong) and 2 goblins.

Vanquished Creatures
  Jessica (D:3)
  Natasha (D:3)
  2 adders (D:3)
  A dart slug (D:1)
  5 endoplasms
  2 giant cockroaches
  8 goblins
  2 hobgoblins (D:3)
  3 kobolds
  A quokka (D:1)
  7 ball pythons
  8 bats (D:1)
  2 frilled lizards (D:1)
  3 rats (D:1)
46 creatures vanquished.

Notes
Turn   | Place    | Note
-------+----------+-------------------------------------------
     0 | D:1      | qw the Tengu Warper began the quest for the Orb.
     0 | D:1      | Reached XP level 1. HP: 12/12 MP: 4/4
     0 | D:1      | 0 ||| qw: Version: 0.1-a-89-g26bdef1
     0 | D:1      | 0 ||| qw: Game counter: 2152
     0 | D:1      | 0 ||| qw: Always use a shield: true
     0 | D:1      | 0 ||| qw: God list: Okawaru
     0 | D:1      | 0 ||| qw: Allow faded altars: false
     0 | D:1      | 0 ||| qw: Do Orc after D:15 true
     0 | D:1      | 0 ||| qw: Do second Lair branch before Depths: true
     0 | D:1      | 0 ||| qw: Lair rune preference: random
     0 | D:1      | 0 ||| qw: Plans: Normal
     0 | D:1      | 0 ||| PLANNING D:1-11
    14 | D:1      | 14 ||| SWAPPING to +2 hand axe of electrocution.
    15 | D:1      | 15 ||| DROPPING +0 hand axe.
    69 | D:1      | Found a faded altar of an unknown god.
   124 | D:1      | 124 ||| Stepping ~*~*~tactically~*~*~ (hiding).
   234 | D:1      | Reached skill level 3 in Axes
   234 | D:1      | Reached XP level 2. HP: 11/17 MP: 6/6
  1115 | D:1      | Reached XP level 3. HP: 21/21 MP: 7/7
  1165 | D:1      | 1165 ||| READING 2 scrolls labelled ISHYAMENEIQ.
  1166 | D:1      | 1166 ||| DRINKING 2 inky potions.
  1167 | D:1      | 1167 ||| DROPPING scroll of blinking.
  1476 | D:2      | Reached skill level 4 in Axes
  1903 | D:2      | 1903 ||| UPGRADING to +0 ring mail.
  1913 | D:2      | 1913 ||| DROPPING +0 leather armour.
  1914 | D:2      | 1914 ||| READING scroll labelled JUCKIO QAXICW.
  1972 | D:3      | Noticed Jessica
  1974 | D:3      | Killed Jessica
  1975 | D:3      | Reached XP level 4. HP: 26/26 MP: 8/8
  2024 | D:3      | 2024 ||| Stepping ~*~*~tactically~*~*~ (stealth).
  2104 | D:3      | 2104 ||| SWAPPING to +0 war axe.
  2105 | D:3      | 2105 ||| DROPPING +2 hand axe of electrocution.
  2140 | D:3      | Noticed Natasha
  2146 | D:3      | Killed Natasha
  2147 | D:3      | Reached skill level 5 in Axes
  2295 | D:3      | Noticed a sky beast
  2298 | D:3      | 2298 ||| Stepping ~*~*~tactically~*~*~ (stealth).
  2301 | D:3      | Noticed Robin
  2309 | D:3      | HP: 5/26 [something (5)]
  2309 | D:3      | HP: 2/26 [Robin/goblin (3)]
  2310 | D:3      | 2310 ||| DRINKING potion of heal wounds.
  2312 | D:3      | Gained mutation: Your magical nature lets you fly swiftly
                  | and evasively. [Tengu growth]
  2312 | D:3      | Reached XP level 5. HP: 25/30 MP: 9/9
  2315 | D:3      | HP: 3/30 [goblin/+0 dagger[Robin] (5)]
  2317 | D:3      | Slain by a sky beast

Levels and vault maps discovered:
D:1:      dpeg_arrival_three_same_balls, layout_basic,
          hellmonk_ecumenical_altar_arch_garden
D:2:      layout_loops_ring, hangedman_decor_peaks_small
D:3:      layout_loops_ring, mainiacjoe_overflow_alcove_1,
          minmay_stone_trees_small, uniq_jessica, uniq_robin, uniq_natasha

Skill      XL: |  1  2  3  4 |
---------------+-------------+-----
Axes           | 3 4 5 |  5.5
Fighting       | |  2.0
Throwing       | |  1.0
Armour         | |  1.1
Dodging        | |  2.1
Spellcasting   | |  2.0
Translocations | |  2.4

Action                   |  1- 3 |  4- 6 || total
-------------------------+-------+-------++-------
Melee: Hand axe          |    54 |     5 ||    59
       Peck              |     9 |     2 ||    11
       Kick              |    14 |     7 ||    21
       War axe           |       |    31 ||    31
Throw: Boomerang         |     7 |       ||     7
  Use: Scroll            |     2 |       ||     2
       Potion            |     1 |     1 ||     2
Armor: Leather armour    |    12 |       ||    12
       Ring mail         |       |    19 ||    19
Dodge: Dodged            |    22 |    19 ||    41

Table legend:
 A = Non-vault XP
 B = Vault XP
 C = Vault XP percentage of total XP
 D = Non-vault monster count
 E = Vault monster count
 F = Vault count percentage of total count
                 A         B        C        D         E       F
            +---------+---------+-------+---------+---------+-------
      Total |      84 |      85 |  50.3 |      37 |       9 |  19.6
            +---------+---------+-------+---------+---------+-------
        D:1 |      38 |       0 |   0.0 |      25 |       0 |   0.0
        D:2 |      11 |       0 |   0.0 |       6 |       0 |   0.0
        D:3 |      35 |      85 |  70.8 |       6 |       9 |  60.0
            +---------+---------+-------+---------+---------+-------
